 Dungeon Crawl Stone Soup version 0.28.0-55-gcd9437bce4 (webtiles) character file.

Game seed: 4138647338115036292

350 AarnesTheHuman the Stinger (level 6, -5/47 HPs)
             Began as a Demonspawn Venom Mage on Dec 23, 2022.
             Was an Initiate of Hepliaklqana.
             Slain by a wyvern zombie (10 damage)
             ... on level 4 of the Dungeon.
             The game lasted 00:08:15 (5213 turns).

AarnesTheHuman the Stinger (Demonspawn Venom Mage)  Turns: 5213, Time: 00:08:16

Health: -5/47      AC:  4    Str:  8    XL:     6   Next: 33%
Magic:  10/10      EV: 12    Int: 19    God:    Hepliaklqana [......]
Gold:   192        SH:  0    Dex: 13    Spells: 8/11 levels left

rFire   . . .      SeeInvis .   k - +8 trident of the Octopus King {venom, rElec rPois}
rCold   . . .      Faith    .   (no shield)
rNeg    . . .      Spirit   .   i - +0 robe
rPois   +          Reflect  .   (no helmet)
rElec   +          Harm     .   b - +1 cloak
rCorr   .          Rampage  .   (no gloves)
Will    .....                   (no boots)
Stlth   ++........              (no amulet)
HPRegen 0.15/turn               (no ring)
MPRegen 0.24/turn               (no ring)

@: no status effects
A: magic regeneration
a: Renounce Religion


You were on level 4 of the Dungeon.
You worshipped Hepliaklqana.
Hepliaklqana was noncommittal.
You visited 2 branches of the dungeon, and saw 5 of its levels.

You collected 192 gold pieces.

Inventory:

Hand Weapons
 a - a +4 dagger of freezing
 f - a +0 dagger
 k - the +8 trident of the Octopus King (weapon) {venom, rElec rPois}
   (You found it on level 2 of the Dungeon)

   It poisons the flesh of those it strikes.
   rElec:     It insulates you from electricity.
   rPois:     It protects you from poison.
Missiles
 s - 7 poisoned darts
 t - 6 curare-tipped darts
Armour
 b - a +1 cloak (worn)
 i - a +0 robe (worn)
 r - a +0 scale mail
 u - a +0 hat
Scrolls
 c - a scroll of noise
 d - a scroll of identify
 e - 3 scrolls of teleportation
 h - 2 scrolls of magic mapping
 l - a scroll of immolation {unknown}
 m - a scroll of fog {unknown}
 n - a scroll of blinking {unknown}
Potions
 g - 2 potions of flight
 o - a potion of curing
 p - a potion of invisibility


   Skills:
 - Level 3.0 Fighting
 + Level 3.6 Polearms
 - Level 1.7 Dodging
 - Level 1.7 Stealth
 - Level 3.0 Spellcasting
 - Level 0.8 Transmutations
 - Level 4.0 Poison Magic


You had 8 spell levels left.
You knew the following spells:

 Your Spells              Type           Power      Damage    Failure   Level
a - Sting                 Tmut/Pois      48%        1d5       5%          1
b - Poisonous Vapours     Pois/Air       20%        N/A       10%         2

Your spell library contained the following spells:

 Spells                   Type           Power      Damage    Failure   Level
 Beastly Appendage        Tmut           12%        N/A       11%         1
 Wereblood                Tmut           6%         N/A       16%         2
 Spider Form              Tmut/Pois      12%        N/A       17%         3
 Blink                    Tloc           4%         N/A       22%         2
 Mephitic Cloud           Conj/Pois/Air  7%         N/A       26%         3
 Olgreb's Toxic Radiance  Pois           18%        N/A       28%         4
 Manifold Assault         Tloc           2%         N/A       99%         5
 Storm Form               Tmut/Air       2%         N/A       100%        7


Dungeon Overview and Level Annotations

Branches:
Dungeon (4/15)             Temple (1/1) D:4

Altars:
Dithmenos
Elyvilon
Gozag
Hepliaklqana
Nemelex Xobeh
Okawaru
Ru
Sif Muna
Trog
Uskayaw
Wu Jian
Xom
Yredelemnul
Zin


Innate Abilities, Weirdness & Mutations

You regenerate magic rapidly.


Message History

The wyvern zombie is lightly damaged.
You hit the wyvern zombie.
The wyvern zombie is moderately damaged.
The wyvern zombie bites you. The wyvern zombie closely misses you.
You hit the wyvern zombie but do no damage.
The wyvern zombie is moderately damaged.
The wyvern zombie closely misses you.
You puncture the wyvern zombie!
You punch the wyvern zombie, but do no damage.
The wyvern zombie is heavily damaged.
The wyvern zombie closely misses you. The wyvern zombie bites you!
You hit the wyvern zombie.
The wyvern zombie is heavily damaged.
The wyvern zombie bites you. The wyvern zombie closely misses you.
You hit the wyvern zombie.
The wyvern zombie is heavily damaged.
The wyvern zombie bites you!
* * * LOW HITPOINT WARNING * * *
Okay, then.
Unknown command.
Reach: k) +8 trident of the Octopus King {venom, rElec rPois}
Press: ? - help, Dir - move target, f/p - wyvern zombie
Aim: a wyvern zombie (heavily damaged, about 18% to evade the +8 trident of the Octopus King)
You puncture the wyvern zombie!
The wyvern zombie is severely damaged.
The wyvern zombie closely misses you. The wyvern zombie bites you!
* * * LOW HITPOINT WARNING * * *
Okay, then.
Unknown command.
Okay, then.
Unknown command.
As you read the scroll labelled ACLAOSIORIU, it crumbles to dust.
You assume a fearsome visage.
The wyvern zombie is unaffected.
It was a scroll of fear.
The wyvern zombie barely misses you.
As you read the scroll labelled GIALUESERI, it crumbles to dust.
It is a scroll of brand weapon.
Your +4 dagger is covered with a thin layer of ice!
a - a +4 dagger of freezing The wyvern zombie bites you!
You die...

####### #.....# #####
#.....# ....# #.....#
....# #.....# ..(.#
##########.....###....##.
........†'......@Z.......
##########.....########..
#.....# #.....# #######
#### ...## ...... #...#


You could see a wyvern zombie.

Vanquished Creatures
  A kobold brigand (D:4)
  A water moccasin zombie (D:4)
  A bullfrog skeleton (D:4)
  3 gnolls (D:3)
  5 adders
  3 worms
  4 dart slugs
  3 orcs (D:2)
  6 endoplasms
  3 giant cockroaches
  10 goblins
  16 hobgoblins
  8 jackals
  11 kobolds
  7 quokkas
  3 ball pythons (D:1)
  7 bats
  5 frilled lizards
  5 rats
102 creatures vanquished.

Notes
Turn   | Place    | Note
-------+----------+-------------------------------------------
     0 | D:1      | AarnesTheHuman the Demonspawn Venom Mage began the quest
                  | for the Orb.
     0 | D:1      | Reached XP level 1. HP: 13/13 MP: 3/3
   200 | D:1      | Gained mutation: You regenerate magic rapidly. [demonic
                  | ancestry]
   200 | D:1      | Reached XP level 2. HP: 4/19 MP: 0/5
   747 | D:1      | Found a faded altar of an unknown god.
  1214 | D:1      | Reached XP level 3. HP: 24/24 MP: 5/7
  1361 | D:1      | Learned a level 2 spell: Poisonous Vapours
  1854 | D:2      | Found the +8 trident of the Octopus King {venom, rElec
                  | rPois}
  1913 | D:2      | Reached skill level 4 in Poison Magic
  1935 | D:2      | Reached XP level 4. HP: 28/31 MP: 8/8
  2660 | D:2      | Reached skill level 1 in Fighting
  2667 | D:2      | Reached skill level 1 in Polearms
  3629 | D:3      | Reached XP level 5. HP: 38/38 MP: 9/9
  3955 | D:3      | Found a hide-covered altar of Uskayaw.
  4411 | D:4      | Found a staircase to the Ecumenical Temple.
  4680 | Temple   | Entered the Ecumenical Temple
  4790 | Temple   | Became a worshipper of Hepliaklqana the Forgotten
  5020 | D:4      | Reached XP level 6. HP: 37/47 MP: 10/10
  5213 | D:4      | Slain by a wyvern zombie

Illustrated notes

Levels and vault maps discovered:
D:1:      sevenhm_arrival_forest_fort_small_3, layout_rooms,
          basic_ecumenical_altar, nrook_campfire
D:2:      cheibrodos_greedy_goblins, layout_basic,
          amcnicky_mini_corridor_feature, minmay_pentomino_t2
D:3:      layout_basic, lemuel_crystal_altar, minmay_fractal_squares_diagonal_5
D:4:      layout_basic, minmay_temple_entry_grid
Temple:   dshaligram_water_room_temple

Skill      XL: |  1  2  3  4  5 |
---------------+----------------+-----
Spellcasting   | 3 |  3.0
Poison Magic   | 4 |  4.0
Fighting       | 1 3 |  3.0
Polearms       | 1 3 |  3.6
Dodging        | |  1.7
Stealth        | |  1.7
Transmutations | |  0.8

Action                   |  1- 3 |  4- 6 || total
-------------------------+-------+-------++-------
Melee: Unarmed           |    12 |       ||    12
       Dagger            |    22 |       ||    22
       Trident           |    13 |   141 ||   154
       Punch             |       |     2 ||     2
 Cast: Sting             |    59 |       ||    59
       Poisonous Vapours |    17 |       ||    17
  Use: Scroll            |       |    11 ||    11
 Stab: Sleeping          |     1 |     4 ||     5
       Distracted        |       |     1 ||     1
Armor: Robe              |    15 |    27 ||    42
       Scale mail        |       |     1 ||     1
Dodge: Dodged            |    39 |    71 ||   110
